Map: Central Protocol

Players

Miszu

  • Race: Terran Terran
  • League: Master

BloOdSquad - Winner!

  • Race: Protoss Protoss
  • League: Master

VOD

Have the link to the VOD?

Description

Time

  • Played on: March 10, 2016, 3:43 p.m.
  • Length: 4:00
Show
View Real Time Build Order
Export as new Build Order

Miszu Terran 

Build Orders: Command Center First (CC) 

Get SALT Encoding   

  12  0:00  SCV  
  13  0:12  SCV  
  14  0:18  Supply Depot  
  14  0:24  SCV  
  15  0:39  SCV  
  16  0:51  SCV  
  17  1:01  Command Center  
  17  1:04  SCV  
  18  1:16  SCV  
  18  1:18  Barracks  
  19  1:28  SCV  
  19  1:31  Barracks  
  20  1:40  SCV  
  20  1:45  Barracks  
  21  1:52  SCV  
  22  2:10  Marine, Orbital Command  
  23  2:17  Orbital Command  
  23  2:18  Marine  
  24  2:28  Marine  
  25  2:35  Refinery x2, SCV  
  25  2:36  Marine  
  25  2:37  Marine  
  27  2:43  SCV  
  29  2:47  SCV  
  29  2:49  Supply Depot  
  30  2:54  Marine x2  
  30  2:55  SCV  
  33  2:59  SCV  
  33  3:00  Marine  
  35  3:07  SCV  
  35  3:12  Barracks Tech Lab, SCV  
  37  3:13  Marine  
  37  3:18  Marine  
  37  3:19  SCV  
  40  3:24  SCV  
  40  3:26  Supply Depot  
  41  3:30  Marine  
  41  3:31  Marine, SCV  
  44  3:36  Marine, SCV  
  46  3:48  SCV  
  48  3:49  Factory  
  48  3:50  Supply Depot  
  48  3:57  Bunker, Supply Depot  
Show
View Real Time Build Order
Export as new Build Order

BloOdSquad Protoss - Winner!

Build Orders: 1 Gate Expand, Oracle Opening 

Get SALT Encoding   

  12  0:04  Probe (Chrono Boost)  
  13  0:14  Probe (Chrono Boost)  
  13  0:19  Pylon  
  14  0:25  Probe (Chrono Boost)  
  15  0:38  Probe (Chrono Boost)  
  15  0:41  Gateway  
  16  0:48  Probe (Chrono Boost)  
  17  0:57  Assimilator  
  17  0:59  Probe (Chrono Boost)  
  17  1:00  Assimilator  
  18  1:09  Probe (Chrono Boost)  
  19  1:20  Probe (Chrono Boost)  
  20  1:29  Cybernetics Core  
  20  1:42  Nexus  
  20  1:44  Probe (Chrono Boost)  
  21  1:57  Pylon  
  21  2:06  Stalker (Chrono Boost)  
  23  2:16  Probe  
  23  2:19  Stargate  
  24  2:28  Probe  
  25  2:48  Gateway  
  25  2:49  Pylon  
  25  2:51  Probe  
  26  3:02  Oracle (Chrono Boost), Probe  
  26  3:03  Probe  
  31  3:15  Probe  
  32  3:28  Probe  
  32  3:29  Probe  
  37  3:37  Pylon  
  37  3:38  Probe  
  38  3:41  Probe  
Tags
 
Add a new tag
Caveats
  • Supply blocks, unpowered buildings, or Contaminate may cause inaccurate times.
  • Supply counts are checked every 10 seconds.